AoeStats
← Sp00ky

Arabia

508923535Analyzed
1v1 RM · 6d ago on Sep 24, 2026· 15m 47s· 2 players
Game mode
Random Map
Map size
Tiny (2 player)
Population
200
Speed
Normal
Resources
Standard
Victory
Conquest
Starting age
Dark Age
Ending age
Imperial Age
RankedLock teamsTeams togetherTeam positionsShared explorationLock speedFull tech treeHidden civsTurbo modeCheats
Victory
Defeat
🇦🇷 Slavs · Argentina
966
+14
🇲🇽 Maya · Mexico
933
-14
jcsoriano1
10:05 Feudal Age
11:11 Double-Bit Axe
11:33 Loom
Sp00ky
7:25 Loom
10:06 Feudal Age
10:35 Man-at-Arms
12:55 Double-Bit Axe
16:04 Forging
Connection lost

Rejoining the realm…

Still unreachable

The connection could not be restored.

Session expired

The server has moved on; the page needs a fresh start.